 Dungeon Crawl Stone Soup version 0.31-a0-188-g5e087ee2ca (webtiles) character file.

Game seed: 16629967390669539995

121 qw the Skirmisher (level 4, -3/25 HPs)
             Began as a Deep Elf Hunter on June 22, 2023.
             Slain by a scorpion (6 damage)
             ... on level 3 of the Dungeon.
             The game lasted 00:00:56 (2650 turns).

qw the Skirmisher (Deep Elf Hunter)                 Turns: 2650, Time: 00:00:57

Health: -3/25      AC:  4    Str: 10    XL:     4   Next: 77%
Magic:  6/6        EV: 12    Int: 14    God:
Gold:   169        SH:  0    Dex: 18    Spells: 3/3 levels left

rFire   + . .        Y - +0 shortbow
rCold   x . .        (shield currently unavailable)
rNeg    . . .        c - +0 leather armour
rPois   .            e - +0 helmet
rElec   +            (no cloak)
rCorr   .            (no gloves)
SInv    .            (no boots)
Will    +....        b - amulet of regeneration
Stlth   ++           i - ring of Freedom {Fire rElec Will+}
HPRegen 1.04/turn    (no ring)
MPRegen 0.10/turn

%: no passive effects
@: lethally poisoned (-3 -> -5), about to teleport
A: no striking features
a: no special abilities


You were on level 3 of the Dungeon.
You visited 1 branch of the dungeon, and saw 4 of its levels.

You collected 169 gold pieces.


   Skills:
 - Level 1.5 Fighting
 + Level 8.2 Ranged Weapons
 - Level 2.4 Dodging
 - Level 1.2 Stealth


You had 3 spell levels left.
You didn't know any spells.
Your spell library was empty.

Inventory:

Hand Weapons
 Y - a +0 shortbow (weapon)
Armour
 c - a +0 leather armour (worn)
 e - a +0 helmet (worn)
Jewellery
 b - an amulet of regeneration (around neck)
 i - the ring of Freedom (left hand) {Fire rElec Will+}
   (You found it on level 2 of the Dungeon)

   [ring of fire]

   It enhances your fire magic.
   rF:        It protects you from fire.
   rC:        It makes you vulnerable to cold.
   rElec:     It insulates you from electricity.
   Will:      It increases your willpower.
Scrolls
 a - 2 scrolls of identify
 d - 2 scrolls of teleportation
Potions
 f - a potion of heal wounds
 h - a potion of haste

Dungeon Overview and Level Annotations

Branches:
Dungeon (4/15)
 Temple: D:4-7

Altars:


Message History

The scorpion barely misses you. The scorpion misses you.
You shoot an arrow. The arrow barely misses the scorpion.
The scorpion stings you but does no damage.
You shoot an arrow.
The arrow hits the scorpion but does no damage.
The scorpion is severely wounded.
The scorpion stings you.
You are poisoned.
The scorpion poisons you!
2644 ||| STAIRDANCE You feel very sick.
The scorpion completely misses you.
You climb upwards.
You feel very sick.
There is a stone staircase leading down here.
You shoot an arrow.
The arrow hits the scorpion but does no damage.
The scorpion is severely wounded.
You feel sick. The scorpion stings you. x2
You are more poisoned.
The scorpion poisons you!
You shoot an arrow.
The arrow hits the scorpion but does no damage.
The scorpion is severely wounded.
You feel very sick. The scorpion barely misses you.
You shoot an arrow.
The arrow hits the scorpion but does no damage.
The scorpion is severely wounded.
You feel very sick. The scorpion misses you.
You shoot an arrow.
The arrow hits the scorpion but does no damage.
The scorpion is severely wounded.
You feel sick. The scorpion stings you.
2650 ||| READING 3 scrolls of teleportation.
As you read the scroll of teleportation, it crumbles to dust.
You feel strangely unstable.
You feel sick. The scorpion stings you.
You die...

###### #..... #.#### #######.#...
######### #........... #.......#
##### #.#####.#...
###.......####...#####.#####.#.##
................@............#...
.##.......####.s..####.........#.
.##.......#...###..#########...#.
.##.......#....................#.
.##...........####.##########..#.
.########.....# #........#....#.
.##.....#..#.#####(..####.#.#..#.
.##.....#..#.#...#.#.............
.##.....#..#.#.....##.....#.#.#..


You could see a scorpion.

Vanquished Creatures
  3 adders (D:2)
  4 worms
  A dart slug (D:3)
  10 orcs (D:3)
  4 ball pythons
  3 endoplasms
  2 giant cockroaches (D:3)
  5 goblins
  8 hobgoblins
  7 jackals
  4 quokkas
  3 bats (D:2)
  7 frilled lizards
  2 kobolds
  4 rats
67 creatures vanquished.

Notes
Turn   | Place    | Note
-------+----------+-------------------------------------------
     0 | D:1      | qw the Deep Elf Hunter began the quest for the Orb.
     0 | D:1      | Reached XP level 1. HP: 12/12 MP: 3/3
     0 | D:1      | 0 ||| qw: Version: 0.3-a-9-g12657ce
     0 | D:1      | 0 ||| qw: Game counter: 2820
     0 | D:1      | 0 ||| qw: Always use a shield: true
     0 | D:1      | 0 ||| qw: God list: Okawaru
     0 | D:1      | 0 ||| qw: Allow faded altars: false
     0 | D:1      | 0 ||| qw: Do Orc after D:15 true
     0 | D:1      | 0 ||| qw: Do second Lair branch before Depths: true
     0 | D:1      | 0 ||| qw: Lair rune preference: random
     0 | D:1      | 0 ||| qw: Plans: Normal
     0 | D:1      | 0 ||| PLANNING D:1-11
    55 | D:1      | Reached XP level 2. HP: 16/16 MP: 4/4
    60 | D:1      | Reached skill level 6 in Ranged Weapons
   163 | D:1      | 163 ||| READING 3 scrolls labelled CUWKOYH PUBREI.
   164 | D:1      | 164 ||| DROPPING scroll of butterflies.
   651 | D:1      | 651 ||| UPGRADING to +0 helmet.
   656 | D:1      | 656 ||| READING scroll labelled ZIACKAGHOCSU.
   657 | D:1      | 657 ||| READING scroll labelled ACEUSI GEYD.
   660 | D:1      | 660 ||| READING scroll labelled NUZAHY AMUSHRUF.
   661 | D:1      | 661 ||| READING 2 scrolls of identify.
   661 | D:1      | 661 ||| IDENTIFYING golden potion
   662 | D:1      | 662 ||| DROPPING potion of attraction.
   687 | D:2      | Reached XP level 3. HP: 20/20 MP: 5/5
   767 | D:2      | Reached skill level 7 in Ranged Weapons
  1032 | D:2      | Identified the ring of Freedom {Fire rElec Will+}
  1234 | D:2      | Reached XP level 4. HP: 21/25 MP: 6/6
  1582 | D:2      | 1582 ||| UPGRADING to ring of Freedom {Fire rElec Will+}.
  1583 | D:2      | 1583 ||| READING scroll labelled ZOSIESHUNY.
  1684 | D:2      | 1684 ||| READING 2 scrolls labelled FIH NOT NICSI.
  1685 | D:2      | 1685 ||| READING 2 scrolls of identify.
  1685 | D:2      | 1685 ||| IDENTIFYING purple potion
  1686 | D:2      | 1686 ||| DROPPING scroll of fear.
  1981 | D:3      | Reached skill level 8 in Ranged Weapons
  2564 | D:3      | 2564 ||| UPGRADING to amulet of regeneration.
  2569 | D:3      | 2569 ||| READING scroll labelled ASUTYX OM ADY.
  2570 | D:3      | 2570 ||| DRINKING 2 pink potions.
  2571 | D:3      | 2571 ||| READING 3 scrolls of identify.
  2571 | D:3      | 2571 ||| IDENTIFYING smoky puce potion
  2572 | D:3      | 2572 ||| DROPPING potion of degeneration.
  2635 | D:4      | Noticed a scorpion
  2636 | D:4      | 2636 ||| PLANNING SEWER
  2644 | D:4      | 2644 ||| STAIRDANCE
  2649 | D:3      | HP: 6/25 [poisoned by a scorpion]
  2650 | D:3      | 2650 ||| READING 3 scrolls of teleportation.
  2650 | D:3      | Slain by a scorpion

Levels and vault maps discovered:
D:1:      elethiomel_arrival_quiet, layout_basic, minmay_octomino_e4
D:2:      layout_basic, minmay_crystal_room, minmay_bisected
D:3:      layout_basic, corexii_leaking_fountain, due_unseen_surprise
D:4:      layout_gridville, nemelex_dance_club_becter,
          cheibrodos_sewer_entry_bend, kennysheep_generic_room_15

Skill      XL: |  1  2  3  4 |
---------------+-------------+-----
Ranged Weapons | 6 7 8 |  8.2
Fighting       | |  1.5
Dodging        | |  2.4
Stealth        | |  1.2

Action                     |  1- 3 |  4- 6 || total
---------------------------+-------+-------++-------
   Fire: Shortbow          |   110 |    96 ||   206
    Use: Scroll            |     5 |     6 ||    11
         Potion            |       |     1 ||     1
 Armour: Leather armour    |     5 |     6 ||    11
  Dodge: Dodged            |    35 |    35 ||    70

Table legend:
 A = Non-vault XP
 B = Vault XP
 C = Vault XP percentage of total XP
 D = Non-vault monster count
 E = Vault monster count
 F = Vault count percentage of total count
                 A         B        C        D         E       F
            +---------+---------+-------+---------+---------+-------
      Total |     146 |      28 |  16.1 |      58 |       9 |  13.4
            +---------+---------+-------+---------+---------+-------
        D:1 |      27 |       5 |  15.6 |      15 |       4 |  21.1
        D:2 |      54 |      23 |  29.9 |      18 |       5 |  21.7
        D:3 |      65 |       0 |   0.0 |      25 |       0 |   0.0
            +---------+---------+-------+---------+---------+-------
